 Dungeon Crawl Stone Soup version 0.28-a0-691-gad6df49e81 (webtiles) character file.

Game seed: 3063255268199743718

1562 RepHenryClay the Tainter (level 8, -1/61 (62) HPs)
             Began as a Naga Venom Mage on Oct 20, 2021.
             Was an Initiate of Vehumet.
             Splashed by a jelly's acid (5 damage)
             ... on level 6 of the Dungeon.
             The game lasted 00:13:29 (6427 turns).

RepHenryClay the Tainter (Naga Venom Mage)          Turns: 6427, Time: 00:13:30

HP:   -1/61 (62)    AC: -7    Str: 11    XL:     8   Next: 89%
MP:   10/13         EV: 11    Int: 18    God:    Vehumet [......]
Gold: 275           SH:  0    Dex: 11    Spells: 4/14 levels left

rFire   . . .      SeeInvis +   f - +6 dagger (drain)
rCold   . . .      Faith    .   (no shield)
rNeg    . . .      Spirit   .   a - +1 robe
rPois   +          Reflect  .   (no helmet)
rElec   .          Harm     .   (no cloak)
rCorr   .          Rampage  .   (no gloves)
Will    ++...                   (no barding)
Stlth   ++........              (no amulet)
HPRegen 0.20/turn               c - ring of willpower
MPRegen 0.13/turn               (no ring)

@: mighty, corroded, lightly drained, very slow
A: AC +2, large, see invisible, deformed body, poison resistance, slowness 2,
spit poison 1, naga tail 1
a: Spit Poison, Renounce Religion


You were on level 6 of the Dungeon.
You worshipped Vehumet.
Vehumet was noncommittal.
You visited 2 branches of the dungeon, and saw 7 of its levels.
You also visited: Sewer.

You collected 275 gold pieces.

Inventory:

Hand Weapons
 f - a +6 dagger of draining (weapon)
Armour
 a - a +1 robe (worn)
 e - the +2 leather armour of Tomorrow {rC- rN+++ Regen+ MP-9}
   (You found it on level 4 of the Dungeon)

   rC:        It makes you vulnerable to cold.
   rN:        It renders you almost immune to negative energy.
   MP:        It affects your magic capacity (-9).
   Regen:     It increases your rate of health regeneration.
Jewellery
 c - a ring of willpower (left hand)
Wands
 g - a wand of paralysis (2)
Scrolls
 k - a scroll of enchant armour
 o - 2 scrolls of fog
 p - a scroll of identify {unknown}
 q - 2 scrolls of teleportation
Potions
 b - 3 potions of might
 d - 2 potions of resistance {unknown}
 h - a potion of invisibility {unknown}
 i - 5 potions of heal wounds {unknown}
 l - 2 potions of attraction {unknown}
 m - 3 potions of curing {unknown}
 n - a potion of lignification {unknown}
 r - a potion of cancellation {unknown}
 s - a potion of magic {unknown}
 t - 2 potions of haste {unknown}
 u - a potion of mutation {unknown}
 v - a potion of ambrosia {unknown}
 w - 3 potions of brilliance {unknown}


   Skills:
 + Level 3.7 Short Blades
 + Level 5.3 Dodging
 - Level 3.0 Stealth
 - Level 3.5 Spellcasting
 - Level 1.0 Transmutations
 - Level 3.0 Air Magic
 - Level 9.4 Poison Magic


You had 4 spell levels left.
You knew the following spells:

 Your Spells              Type           Power      Damage    Failure   Level
a - Sting                 Tmut/Pois      84%        1d7       1%          1
b - Poisonous Vapours     Pois/Air       50%        N/A       1%          2
c - Mephitic Cloud        Conj/Pois/Air  18%        N/A       9%          3
d - Olgreb's Toxic Radia  Pois           37%        N/A       3%          4

Your spell library contained the following spells:

 Spells                   Type           Power      Damage    Failure   Level


Dungeon Overview and Level Annotations

Branches:
Dungeon (6/15)             Temple (1/1) D:5           Sewer (visited)

Altars:
Ashenzari
Cheibriados
Dithmenos
Elyvilon
Fedhas
Gozag
Hepliaklqana
Kikubaaqudgha
Makhleb
Nemelex Xobeh
Okawaru
Qazlal
Ru
Sif Muna
Trog
Uskayaw
Vehumet
Wu Jian
Xom
Zin
The Shining One

Annotations:
D:4 Natasha


Innate Abilities, Weirdness & Mutations

Your serpentine skin is tough. (AC +2)
You have supernaturally acute eyesight. (SInv)
Armour fits poorly on your strangely shaped body.
Your system is resistant to poisons. (rPois)
You cover ground very slowly.
You can spit poison.
You have a snake-like lower body.


Message History

You resist with almost no effort.
Casting: Sting (safe; 1% risk of failure)
Confirm with . or Enter, or press ? or * to list all spells.
Aiming: Mephitic Cloud (dangerous; 9% risk of failure)
Press: ? - help, Shift-Dir - straight line, f - centaur
Aim: a centaur, wielding a +0 shortbow, quivering arrows and carrying a wand of charming (9) (chance to affect: 81%)
The ball explodes into a vile cloud!
The stinking cloud engulfs the centaur but does no damage.
You hear an angry hiss.
The centaur is engulfed in noxious fumes.
The centaur appears confused.
The jelly hits you.
You are splashed with acid!
Huge Dmg: -16%(-10hp) hp: 48%(29hp)
You hit the jelly. You drain the jelly. The acid corrodes you!
Your hands burn!
The jelly is moderately wounded.
The centaur is engulfed in noxious fumes.
Damage: -2%(-1hp) hp: 46%(28hp)
You hit the jelly.
Your hands burn!
The jelly is heavily wounded.
The jelly hits you.
* * * LOW HITPOINT WARNING * * *
You are splashed with acid!
* * * LOW HITPOINT WARNING * * *
The centaur is engulfed in noxious fumes.
Huge Dmg: -19%(-12hp) hp: 27%(16hp)
You hit the jelly. The acid corrodes you!
Your hands burn!
* * * LOW HITPOINT WARNING * * *
The jelly is severely wounded.
The jelly hits you.
* * * LOW HITPOINT WARNING * * *
The acid corrodes you!
You are splashed with acid!
* * * LOW HITPOINT WARNING * * *
The centaur is engulfed in noxious fumes.
The centaur appears confused.
Huge Dmg: -20%(-12hp) hp: 7%(4hp) It was a potion of might.
You feel very mighty all of a sudden.
The centaur is engulfed in noxious fumes.
The jelly misses you.
You hit the jelly. You drain the jelly.
Your hands burn!
You die...

*,........................#
*,....................#.###
*,.......!.................
*,.................###.....
***#...............# #.....
#...............# #.....
#...°c..........# #.....
#..°..J.........# ####.#
#.....@.........# #...
#...............# #...
#...?...........# #...
#...............# #...
#...............#####...
###########.............
###########).. #... #...


You could see a centaur (confused) and a jelly (drained).

Vanquished Creatures
  Sigmund (D:3)
  Menkaure (D:4)
  A water moccasin (D:5)
  2 black bears
  A necrophage (D:6)
  An ogre (D:2)
  2 bullfrogs (Sewer)
  A wyvern zombie (D:5)
  A water moccasin skeleton (D:4)
  3 hounds
  A jelly (D:6)
  3 orc priests
  3 orc wizards
  A hound skeleton (D:4)
  A howler monkey zombie (D:5)
  7 adders
  6 river rats (Sewer)
  A shadow imp (D:5)
  3 ufetubi
  A worm (D:2)
  19 orcs
  10 endoplasms
  8 giant cockroaches
  10 goblins
  6 hobgoblins
  4 jackals (D:2)
  4 quokkas
  16 ball pythons
  6 bats
  8 frilled lizards
  A jackal skeleton (D:4)
  5 kobolds
  28 rats
166 creatures vanquished.

Notes
Turn   | Place    | Note
-------+----------+-------------------------------------------
     0 | D:1      | RepHenryClay the Naga Venom Mage began the quest for the
                  | Orb.
     0 | D:1      | Reached XP level 1. HP: 15/15 MP: 3/3
   366 | D:1      | Reached XP level 2. HP: 11/22 MP: 3/5
   645 | D:1      | Reached skill level 5 in Poison Magic
  1309 | D:2      | Noticed an ogre
  1309 | D:2      | Found a faded altar of an unknown god.
  1317 | D:2      | Killed an ogre
  1318 | D:2      | Reached skill level 7 in Poison Magic
  1318 | D:2      | Reached XP level 3. HP: 3/28 MP: 1/6
  1318 | D:2      | Reached XP level 4. HP: 4/36 MP: 1/7
  1665 | D:2      | Learned a level 2 spell: Poisonous Vapours
  1669 | D:2      | Learned a level 3 spell: Mephitic Cloud
  1863 | D:2      | Reached XP level 5. HP: 38/42 MP: 6/8
  2094 | D:2      | Reached skill level 1 in Air Magic
  2564 | D:3      | Found a shadowy altar of Dithmenos.
  3223 | D:3      | Noticed Sigmund
  3233 | D:3      | Killed Sigmund
  3234 | D:3      | Reached XP level 6. HP: 38/49 MP: 1/11
  3240 | D:3      | Learned a level 4 spell: Olgreb's Toxic Radiance
  3529 | D:4      | Identified the +2 leather armour of Tomorrow {rC- rN+++
                  | Regen+ MP-9}
  3576 | D:4      | Noticed Natasha
  3604 | D:4      | Reached XP level 7. HP: 36/55 MP: 10/12
  3605 | D:4      | Found a glowing drain.
  3701 | Sewer    | Entered a sewer
  4032 | Sewer    | Reached skill level 8 in Poison Magic
  4727 | D:4      | Noticed Menkaure
  4732 | D:4      | Killed Menkaure
  4733 | D:4      | Reached skill level 9 in Poison Magic
  4733 | D:4      | Reached XP level 8. HP: 46/62 MP: 13/13
  4834 | D:4      | You fall into a shaft and drop 2 floors!
  4884 | D:5      | Entered Level 5 of the Dungeon
  5089 | D:4      | Reached skill level 1 in Short Blades
  5707 | D:5      | Reached skill level 5 in Dodging
  5953 | D:5      | Found a staircase to the Ecumenical Temple.
  5962 | Temple   | Entered the Ecumenical Temple
  6139 | Temple   | Became a worshipper of Vehumet
  6427 | D:6      | Splashed by a jelly's acid

Illustrated notes

Levels and vault maps discovered:
D:1:      doesnt_arrival_eight_statues, layout_loops_ring
D:2:      layout_rooms, serial_glass, glass_columns_c, glass_columns_c,
          shapermc_ecumenical_altar_venn, minmay_tripent
D:3:      layout_basic, kennysheep_flooded_box, minivault_14, uniq_sigmund
D:4:      layout_rooms, cheibrodos_sewer_entry_drain, uniq_menkaure,
          uniq_natasha
D:5:      layout_cave_pools, minmay_temple_entry_fiery
D:6:      layout_basic
Temple:   kilobyte_greek_temple

Skill      XL: |  1  2  3  4  5  6  7  8 |
---------------+-------------------------+-----
Poison Magic   | 7 9 |  9.4
Air Magic      | 3 |  3.0
Spellcasting   | 3 |  3.5
Dodging        | 2 3 5 |  5.3
Short Blades   | 3 |  3.7
Stealth        | |  3.0
Transmutations | |  1.0

Action                   |  1- 3 |  4- 6 |  7- 9 || total
-------------------------+-------+-------+-------++-------
Melee: Unarmed           |    28 |       |       ||    28
       Dagger            |       |    38 |    81 ||   119
 Cast: Sting             |    38 |    88 |    86 ||   212
       Poisonous Vapours |       |     3 |     7 ||    10
       Mephitic Cloud    |       |     1 |     3 ||     4
       Olgreb's Toxic Ra |       |     1 |     7 ||     8
 Abil: Spit Poison       |     1 |     4 |     3 ||     8
Evoke: Wand              |       |       |     7 ||     7
  Use: Scroll            |       |     4 |     5 ||     9
       Potion            |       |       |     1 ||     1
 Stab: Sleeping          |     1 |     1 |     1 ||     3
       Paralysed         |       |       |     5 ||     5
       Confused          |       |       |     1 ||     1
Armor: Robe              |       |    18 |    31 ||    49
Dodge: Dodged            |    28 |    40 |    89 ||   157

Table legend: (Time is in decaauts)
 A = Elapsed time spent in this place.
 B = Non-inter-level travel time spent in this place.
 C = Inter-level travel time spent in this place.
 D = Time resting spent in this place.
 E = Time spent auto-exploring this place.
 F = Levels seen in this place.
 G = Mean time per level.
                   A        B        C        D        E       F      G
               +--------+--------+--------+--------+--------+-----+--------+
         Total |   7709 |   7370 |    339 |   1126 |   5003 |   8 |  963.6 |
       Dungeon |   6533 |   6284 |    249 |    841 |   4463 |   6 | 1088.8 |
        Temple |    303 |    213 |     90 |      0 |    205 |   1 |  303.0 |
         Sewer |    872 |    872 |      0 |    285 |    334 |   1 |  872.0 |
               +--------+--------+--------+--------+--------+-----+--------+

Top non-repeatable levels by time:
     D:1: 1815 daAuts
     D:4: 1329 daAuts
     D:2: 1192 daAuts
     D:3: 1089 daAuts
     D:5: 876 daAuts
   Sewer: 872 daAuts
  Temple: 303 daAuts
     D:6: 230 daAuts
